 Dungeon Crawl Stone Soup version 0.31-a0-940-gdaa99269f9 (webtiles) character file.

Game seed: 8984130148721468826

15078 Joey1 the Severer (level 11, -1/106 HPs)
             Began as a Minotaur Berserker on Oct 20, 2023.
             Was a High Priest of Trog.
             Slain by a two-headed ogre simulacrum (10 damage)
             ... in an ice cave.
             The game lasted 00:26:08 (12467 turns).

Joey1 the Severer (Minotaur Berserker)             Turns: 12467, Time: 00:26:08

Health: -1/106     AC: 14    Str: 33    XL:     11   Next: 97%
Magic:  3/3        EV:  9    Int:  4    God:    Trog [*****.]
Gold:   666        SH:  4    Dex:  9    Spells: 10/10 levels left

rFire   x . .        K - +1 war axe (antimagic)
rCold   + . .        y - +0 buckler
rNeg    . . .        C - +0 plate armour
rPois   .            (helmet restricted)
rElec   .            (no cloak)
rCorr   .            (no gloves)
SInv    .            (no boots)
Will    ++...        (no amulet) Stlth
                     w - +6 ring of strength
HPRegen 1.37/turn    J - ring of ice
MPRegen 0.08/turn

%: no passive effects
@: strong-willed, regenerating, invisible
A: horns 2, retaliatory headbutt
a: Renounce Religion, Berserk, Trog's Hand, Brothers in Arms


You were in an ice cave.
You worshipped Trog.
Trog was extremely pleased with you.
You visited 2 branches of the dungeon, and saw 12 of its levels.
You also visited: Bailey and Ice Cave.

You collected 815 gold pieces.
You spent 149 gold pieces at shops.

Inventory:

Hand Weapons
 a - a +0 hand axe
 K - a +1 antimagic war axe (weapon)
 M - a +1 morningstar of holy wrath
Missiles
 m - 5 throwing nets
 o - 9 javelins
Armour
 b - a +0 animal skin
 f - a +0 scale mail
 l - a +0 chain mail
 y - a +0 buckler (worn)
 C - a +0 plate armour (worn)
Jewellery
 c - a ring of poison resistance
 w - a +6 ring of strength (left hand)
 z - a ring of flight
 F - a ring of willpower
 J - a ring of ice (right hand)
 P - a ring of willpower
Wands
 A - a wand of flame (36)
 E - a wand of charming (8)
 H - a wand of acid (19)
 L - a wand of polymorph (8)
Scrolls
 d - a scroll of acquirement {unknown}
 i - a scroll of poison {unknown}
 j - a scroll of vulnerability {unknown}
 n - a scroll of immolation {unknown}
 s - 2 scrolls of fog
 t - a scroll of blinking
 u - 2 scrolls of fear {unknown}
 x - 8 scrolls of enchant weapon
 G - 2 scrolls of amnesia {unknown}
 I - 4 scrolls of teleportation
 N - a scroll of summoning
 O - 3 scrolls of enchant armour
 Q - a scroll of revelation {unknown}
Potions
 e - 5 potions of attraction
 g - 2 potions of berserk rage
 h - 3 potions of resistance
 k - 2 potions of might {unknown}
 p - 2 potions of cancellation {unknown}
 q - a potion of invisibility
 r - 6 potions of brilliance
 v - 3 potions of curing {unknown}
 B - 4 potions of degeneration {unknown}
 D - 5 potions of magic {unknown}
 R - 2 potions of experience {unknown}
 T - a potion of haste {unknown}
 U - a potion of enlightenment {unknown}
 V - a potion of mutation {unknown}
Miscellaneous
 S - a phial of floods


   Skills:
 + Level 12.8 Fighting
 - Level 16.0 Axes
 - Level 10.0 Armour
 - Level 5.0 Dodging
 - Level 5.0 Shields


You had 10 spell levels left.
You didn't know any spells.
Your spell library was empty.

Dungeon Overview and Level Annotations

Branches:
Dungeon (11/15)            Temple (0/1) D:7            Lair (1/5) D:11
    Orc (0/2) D:11         Bailey (visited)           IceCv (1/1)

Altars:
Ashenzari
Elyvilon
Kikubaaqudgha
Makhleb
Okawaru
Qazlal
Ru
Sif Muna
Trog
Xom
Yredelemnul

Shops:
D:1 :   D:8 (

Portals:
Abyss: D:4

Annotations:
D:1 1 runed translucent door
D:4 2 transporters, 2 runed translucent doors, zenocrate's ghost, amateur DEEn
D:6 1 runed translucent door, Crazy Yiuf


Innate Abilities, Weirdness & Mutations

You have a pair of horns on your head.
You reflexively headbutt those who attack you in melee.


Message History

The spriggan simulacrum is almost destroyed.
You barely miss the troll simulacrum. The spriggan simulacrum hits you.
The spriggan simulacrum freezes you. You resist.
You slash the spriggan simulacrum!
The spriggan simulacrum vaporises!
Trog accepts your kill.
You hit the troll simulacrum. The troll simulacrum bites you!
The troll simulacrum freezes you! You resist.
The troll simulacrum claws you but does no damage. x2
Your skin crawls.
You feel strong-willed. The troll simulacrum bites you!
The troll simulacrum freezes you! You resist.
* * * LOW HITPOINT WARNING * * *
The troll simulacrum closely misses you.
The troll simulacrum claws you but does no damage.
Press: ? - help, . - travel You can't see that place. [a rock wall.]
You fade into invisibility!
The ice devil hits you!
* * * LOW HITPOINT WARNING * * *
The ice devil freezes you. You resist.
* * * LOW HITPOINT WARNING * * *
You hit the ice devil.
The ice devil is lightly wounded.
You slash the troll simulacrum!
The troll simulacrum vaporises!
Trog accepts your kill. You block the ice devil's attack.
You slice the ice devil!!
The ice devil is heavily wounded.
You hit the two-headed ogre simulacrum. The ice devil hits you.
* * * LOW HITPOINT WARNING * * *
The ice devil freezes you. You resist.
* * * LOW HITPOINT WARNING * * *
The two-headed ogre simulacrum hits you.
* * * LOW HITPOINT WARNING * * *
The two-headed ogre simulacrum freezes you!
You resist.
You die...

..........##
##..........#
#............
#...........
#..........#
#....# ##Z.##
##4Z# ##.@##
#..## #...##
##...##
##...# ##...#
#...##
##...##
##.....##


You could see an ice devil (unable to see you), a polar bear simulacrum (unable
to see you) and a two-headed ogre simulacrum (unable to see you).

Vanquished Creatures
  Fannar (D:11)
  3 two-headed ogres
  A boulder beetle (D:11)
  Pikel (D:7)
  An orc knight (Bailey)
  2 cyclopes (D:11)
  A gargoyle (D:11)
  A komodo dragon (Lair:1)
  Jeremiah (D:7)
  Maggie (D:8)
  A polar bear (Lair:1)
  Grinder (D:5)
  A troll (D:11)
  3 blink frogs (Lair:1)
  4 wyverns
  A shadow (D:10)
  2 wraiths
  5 yaks
  A human (D:11)
  2 steam dragons
  2 wargs (D:11)
  An acid dragon (D:11)
  A water moccasin (D:7)
  10 orc warriors
  A sky beast (D:6)
  4 ogres
  5 wolves (Lair:1)
  A lemure (D:7)
  3 centaurs
  A phantom (D:7)
  2 kobold brigands
  Blork the orc (D:4)
  3 bullfrogs
  2 necrophages (D:5)
  A gnoll sergeant (D:6)
  A wyvern zombie (D:5)
  A scorpion (D:4)
  8 wights
  14 killer bees
  6 howler monkeys
  A human zombie (D:5)
  4 hounds
  A jelly (D:7)
  9 orc priests
  A gnoll bouda (D:4)
  2 iguanas
  2 sleepcaps
  2 scorpion zombies (D:5)
  8 orc wizards
  2 spriggan simulacra (IceCv)
  2 troll simulacra (IceCv)
  A killer bee zombie (D:5)
  A hound zombie (D:5)
  3 mummies (D:5)
  15 adders
  12 gnolls
  2 shadow imps
  3 white imps
  4 ufetubi
  A worm (D:2)
  4 dart slugs
  50 orcs
  10 ball pythons
  9 bats
  6 endoplasms
  4 giant cockroaches
  6 goblins
  6 hobgoblins
  3 jackals (D:5)
  3 quokkas
  A frilled lizard (D:2)
  14 kobolds
  3 rats
297 creatures vanquished.

Vanquished Creatures (collateral kills)
  2 orc warriors (Bailey)
  3 orcs (Bailey)
5 creatures vanquished.

Grand Total: 302 creatures vanquished

Notes
Turn   | Place    | Note
-------+----------+-------------------------------------------
     0 | D:1      | Joey1 the Minotaur Berserker began the quest for the Orb.
     0 | D:1      | Reached XP level 1. HP: 19/19 MP: 0/0
     1 | D:1      | Found a runed translucent door.
   164 | D:1      | Reached skill level 4 in Axes
   167 | D:1      | Reached XP level 2. HP: 23/27 MP: 1/1
   325 | D:1      | Found a faded altar of an unknown god.
   383 | D:1      | Found Ismakh's Book Boutique.
   411 | D:1      | Reached XP level 3. HP: 33/33 MP: 2/2
   540 | D:1      | Reached ** piety under Trog
  1388 | D:3      | Reached skill level 5 in Axes
  1388 | D:3      | Reached XP level 4. HP: 31/40 MP: 3/3
  1547 | D:3      | Found a burning altar of Makhleb.
  2036 | D:3      | Reached XP level 5. HP: 46/47 MP: 4/4
  2205 | D:4      | Noticed a centaur
  2223 | D:4      | Killed a centaur
  2224 | D:4      | Reached skill level 6 in Axes
  2291 | D:4      | Reached skill level 5 in Fighting
  2291 | D:4      | Reached XP level 6. HP: 52/56 MP: 5/5
  2469 | D:4      | Found a transporter.
  2483 | D:4      | Noticed a toenail golem
  2509 | D:4      | Found a transporter.
  2539 | D:4      | Reached skill level 7 in Axes
  2738 | D:4      | Reached *** piety under Trog
  2850 | D:4      | Found a large runed translucent door.
  2850 | D:4      | Found a large runed translucent door.
  2850 | D:4      | Found a shimmering altar of Xom.
  2868 | D:4      | Noticed Blork the orc
  2879 | D:4      | Killed Blork the orc
  2880 | D:4      | Reached skill level 5 in Armour
  2880 | D:4      | Reached skill level 1 in Shields
  3550 | D:4      | Found a one-way gate to the infinite horrors of the Abyss.
  3550 | D:4      | Noticed zenocrate's ghost (amateur DEEn)
  3602 | D:5      | Entered Level 5 of the Dungeon
  3609 | D:5      | Reached XP level 7. HP: 61/61 MP: 6/6
  3651 | D:5      | Reached skill level 8 in Axes
  3866 | D:5      | Found a white marble altar of Elyvilon.
  4066 | D:5      | Noticed Grinder
  4081 | D:5      | Killed Grinder
  4141 | D:5      | Reached skill level 5 in Shields
  4141 | D:5      | Reached XP level 8. HP: 68/68 MP: 7/7
  4148 | D:5      | Reached skill level 9 in Axes
  4212 | D:5      | Found an ancient bone altar of Kikubaaqudgha.
  4265 | D:5      | Reached skill level 10 in Axes
  4694 | D:6      | Reached skill level 11 in Axes
  5227 | D:6      | Found a runed translucent door.
  5228 | D:6      | Noticed Crazy Yiuf
  5259 | D:6      | Reached **** piety under Trog
  5341 | D:6      | Reached skill level 12 in Axes
  6005 | D:7      | Reached XP level 9. HP: 72/74 MP: 8/8
  6027 | D:7      | Noticed Pikel
  6053 | D:7      | Killed Pikel
  6054 | D:7      | Reached skill level 13 in Axes
  6416 | D:7      | Noticed Jeremiah
  6561 | D:7      | Killed Jeremiah
  6562 | D:7      | Reached skill level 14 in Axes
  6661 | D:7      | Found a sacrificial altar of Ru.
  6672 | D:7      | Found a basalt altar of Yredelemnul.
  6974 | D:7      | Found a staircase to the Ecumenical Temple.
  7217 | D:7      | Found a shimmering blue altar of Sif Muna.
  7252 | D:8      | Found a broken altar of Ashenzari.
  7252 | D:8      | Noticed a troll
  7435 | D:8      | Found Dyzick's Antique Weapon Boutique.
  7439 | D:8      | Bought a runed war axe for 149 gold pieces
  7610 | D:8      | Reached XP level 10. HP: 83/83 MP: 3/9
  7769 | D:8      | Noticed Maggie
  7783 | D:8      | Killed Maggie
  7783 | D:8      | Reached ***** piety under Trog
  8214 | D:9      | Reached skill level 5 in Dodging
  8257 | D:9      | Found a flagged portal.
  8259 | D:9      | Noticed a two-headed ogre
  8270 | Bailey   | Entered a bailey
  8814 | Bailey   | Noticed an orc knight
  8857 | Bailey   | Killed an orc knight
  8858 | Bailey   | Reached skill level 15 in Axes
  9242 | D:9      | Killed a two-headed ogre
  9372 | D:9      | Reached XP level 11. HP: 52/95 MP: 3/10
  9609 | D:9      | Found a stormy altar of Qazlal.
  9724 | D:9      | Found a bloodstained altar of Trog.
  9836 | D:9      | Identified the +1 leather armour of Emeimuk {Int+3}
  9936 | D:10     | Entered Level 10 of the Dungeon
 10306 | D:10     | Noticed a two-headed ogre
 10315 | D:10     | Killed a two-headed ogre
 10428 | D:10     | Found an iron altar of Okawaru.
 10825 | D:11     | Noticed Fannar
 11020 | D:11     | Killed Fannar
 11021 | D:11     | Noticed a two-headed ogre
 11039 | D:11     | Killed a two-headed ogre
 11051 | D:11     | Reached skill level 16 in Axes
 11094 | D:11     | Reached skill level 10 in Fighting
 11094 | D:11     | Reached skill level 10 in Armour
 11364 | D:11     | Received a gift from Trog
 11377 | D:11     | Found a staircase to the Orcish Mines.
 11471 | D:11     | Noticed a boulder beetle
 11493 | D:11     | Killed a boulder beetle
 11511 | D:11     | HP: 3/154 [orc priest/divine providence (14)]
 12204 | D:11     | Found a staircase to the Lair.
 12214 | Lair:1   | Entered Level 1 of the Lair of Beasts
 12288 | Lair:1   | Found a frozen archway.
 12296 | IceCv    | Entered an ice cave
 12467 | IceCv    | Slain by a two-headed ogre simulacrum

Illustrated notes

Levels and vault maps discovered:
D:1:      dpeg_arrival_caged_fury, layout_basic, serial_shops,
          nicolae_shop_tiny_statue_garden, ebering_ecumenical_altar_box
D:2:      layout_basic, glass_columns_a, minivault_23
D:3:      layout_basic, mainiacjoe_overflow_concentric_impassable,
          nrook_campfire
D:4:      due_chaos_kobolds, layout_basic, gammafunk_ghost_abyssal_escape,
          kennysheep_dice, uniq_blork_the_orc
D:5:      layout_rooms, nicolae_elyvilon_temple_path,
          lemuel_mausoleum_altar_kikubaaqudgha, uniq_grinder
D:6:      layout_layer_cave, uniq_crazy_yiuf_cottage
D:7:      layout_basic, kennysheep_mini_moat, amethyst_overflow_temple_binary,
          minmay_temple_entry_sparse_star, uniq_pikel, uniq_jeremiah
D:8:      layout_loops_ring, nicolae_ashenzari_skybound, serial_shops,
          nicolae_shop_pleasant_corner_grove, uniq_maggie
D:9:      layout_rooms, mainiacjoe_overflow_small_starburst,
          nicolae_overflow_hidden_temple, enter_bailey_2,
          amcnicky_mini_pool_small
D:10:     layout_irregular_city, kennysheep_mini, serial_bayou_pond_e
D:11:     layout_loops_cross, lair_entry_dummy, erik_orc_4, minmay_radiant,
          uniq_fannar
Lair:1:   layout_cave_pods, portal_ice_cave_entry_pillars_2,
          infiniplex_staircase_pool_2, uniq_sonja
IceCv:    ice_cave_small_demon

Skill      XL: |  1  2  3  4  5  6  7  8  9 10 11 |
---------------+----------------------------------+-----
Axes           | 4 5 6 7 8 12 14 15 16 | 16.0
Fighting       | 4 5 6 8 12 | 12.8
Armour         | 3 4 5 6 8 10 | 10.0
Shields        | 2 5 |  5.0
Dodging        | 3 5 |  5.0

Action                     |  1- 3 |  4- 6 |  7- 9 | 10-12 || total
---------------------------+-------+-------+-------+-------++-------
  Melee: Hand axe          |   107 |   117 |   318 |       ||   542
         Headbutt          |    14 |    21 |    63 |    73 ||   171
         War axe           |       |       |    12 |   384 ||   396
 Invoke: Berserk           |       |     1 |     2 |     4 ||     7
         Trog's Hand       |       |       |     1 |     1 ||     2
         Brothers in Arms  |       |       |       |     1 ||     1
    Use: Scroll            |       |       |     7 |     2 ||     9
         Potion            |       |       |       |     7 ||     7
   Stab: Invisible         |       |       |       |     1 ||     1
 Armour: Animal skin       |    10 |       |       |       ||    10
         Scale mail        |    49 |       |       |       ||    49
         Chain mail        |    16 |    92 |       |       ||   108
         Plate armour      |       |       |   207 |   263 ||   470
         Skin              |       |       |       |    53 ||    53
  Dodge: Dodged            |    56 |    41 |    71 |   135 ||   303
  Block: Buckler           |       |       |    52 |    70 ||   122

Table legend: (Time is in decaauts)
 A = Elapsed time spent in this place.
 B = Non-inter-level travel time spent in this place.
 C = Inter-level travel time spent in this place.
 D = Time resting spent in this place.
 E = Time spent auto-exploring this place.
 F = Levels seen in this place.
 G = Mean time per level.
                   A        B        C        D        E       F      G
               +--------+--------+--------+--------+--------+-----+--------+
         Total |  12378 |  12037 |    341 |   2059 |   8003 |  14 |  884.1 |
       Dungeon |  11157 |  10816 |    341 |   1379 |   7879 |  11 | 1014.3 |
          Lair |     90 |     90 |      0 |      0 |     12 |   1 |   90.0 |
        Bailey |    962 |    962 |      0 |    550 |    112 |   1 |  962.0 |
      Ice Cave |    167 |    167 |      0 |    130 |      0 |   1 |  167.0 |
               +--------+--------+--------+--------+--------+-----+--------+

Top non-repeatable levels by time:
     D:6: 1570 daAuts
     D:4: 1433 daAuts
    D:10: 1413 daAuts
     D:7: 1118 daAuts
  Bailey: 962 daAuts
     D:8: 934 daAuts
     D:5: 879 daAuts
    D:11: 836 daAuts
     D:3: 812 daAuts
     D:9: 792 daAuts
     D:1: 732 daAuts
     D:2: 633 daAuts
   IceCv: 167 daAuts
  Lair:1: 90 daAuts
